 Dungeon Crawl Stone Soup version 0.22-a0-441-gcf5b0c6 (webtiles) character file.

5 jerryfan the Sneak (level 1, 0/17 HPs)
             Began as a Gnoll Wanderer on May 30, 2018.
             Slain by a jackal (3 damage)
             ... on level 1 of the Dungeon.
             The game lasted 00:01:02 (66 turns).

jerryfan the Sneak (Gnoll Wanderer)                   Turns: 66, Time: 00:01:02

Health: 0/17       AC:  2    Str: 12    XL:     1   Next: 80%
Magic:  4/4        EV: 13    Int: 14    God:
Gold:   10         SH:  0    Dex: 16    Spells: 5/5 levels left

rFire    . . .     SeeInvis .   d - +0 dagger
rCold    . . .     Gourm    .   (no shield)
rNeg     . . .     Faith    .   c - +0 robe
rPois    .         Spirit   .   (no helmet)
rElec    .         Reflect  .   (no cloak)
rCorr    .         Harm     .   (no gloves)
MR       .....                  (no boots)
Stlth    +++.......             (no amulet)
HPRegen  0.05/turn              (no ring)
MPRegen  0.09/turn              (no ring)

@: no status effects
A: distributed training, fangs 1, strong nose
a: no special abilities


You were on level 1 of the Dungeon.
You were not hungry.

You visited 1 branch of the dungeon, and saw 1 of its levels.

You collected 10 gold pieces.

Inventory:

Hand Weapons
 d - a +0 dagger (weapon)
Armour
 c - a +0 robe (worn)
Potions
 a - 2 potions of resistance {unknown}
Comestibles
 f - a ration


   Skills:
 + Level 2.4 Fighting
 + Level 0.1 Short Blades
 + Level 0.1 Long Blades
 + Level 0.1 Axes
 + Level 0.1 Maces & Flails
 + Level 0.1 Polearms
 + Level 0.1 Staves
 + Level 0.1 Slings
 + Level 0.1 Bows
 + Level 0.1 Crossbows
 + Level 0.1 Throwing
 + Level 0.1 Armour
 + Level 2.4 Dodging
 + Level 5.9 Stealth
 + Level 0.1 Shields
 + Level 4.4 Unarmed Combat
 + Level 2.6 Spellcasting
 + Level 0.1 Conjurations
 + Level 3.6 Hexes
 + Level 0.1 Charms
 + Level 0.1 Summonings
 + Level 0.1 Necromancy
 + Level 0.1 Translocations
 + Level 0.1 Transmutations
 + Level 0.1 Fire Magic
 + Level 0.1 Ice Magic
 + Level 0.1 Air Magic
 + Level 0.1 Earth Magic
 + Level 0.1 Poison Magic
 + Level 0.2 Invocations
 + Level 0.1 Evocations


You had 5 spell levels left.
You didn't know any spells.
Your spell library contained the following spells:

 Spells                   Type           Power        Failure   Level  Hunger
 Confuse                  Hex            ##......     16%         3    ###....
 Sting                    Conj/Pois      #...         22%         1    #......
 Tukima's Dance           Hex            ##......     16%         3    ###....
 Ensorcelled Hibernation  Hex/Ice        #.....       16%         2    ###....
 Corona                   Hex            ##.....      4%          1    #......
 Dazzling Spray           Conj/Hex       #.....       30%         3    ###....


Dungeon Overview and Level Annotations

Branches:
Dungeon (1/15)

Altars:


Innate Abilities, Weirdness & Mutations

Your experience applies equally to all skills.
You have very sharp teeth.
Your uncanny sense of smell can sniff out nearby items.


Message History

The jackal misses you. x3
You hit the jackal but do no damage.
The jackal is severely wounded.
The jackal bites you. The jackal misses you. The jackal closely misses you.
You hit the jackal but do no damage.
The jackal is severely wounded.
The jackal bites you. x2; The jackal closely misses you.
You hit the jackal.
You kill the jackal!
The jackal bites you. The jackal bites you.
You hit the jackal. You bite the jackal, but do no damage.
The jackal is moderately wounded.
The jackal misses you. The jackal bites you.
* * * LOW HITPOINT WARNING * * *
The jackal bites you.
* * * LOW HITPOINT WARNING * * *
Found 9 bolts.
You hit the jackal but do no damage. The jackal bites you.
You die...

###### #....#
######### #....#
#####.......#
#....###
'<'.#.......#
#.!.(..
###.#.......#
#....#
............#
#..?(#
........[...# #@#
.#..........# ##h#
.#.#........# #.h#
............###.##
.#..........##..#
.#...###....##.##
........###....#
........#
###..#########
........#
#.......?..#


You could see 2 jackals.

Vanquished Creatures
  A giant cockroach (D:1)
  2 jackals (D:1)
  A bat (D:1)
  A rat (D:1)
5 creatures vanquished.

Notes
Turn   | Place    | Note
-------+----------+-------------------------------------------
     0 | D:1      | jerryfan the Gnoll Wanderer began the quest for the Orb.
     0 | D:1      | jerryfan set off with: a +0 robe, a +0 dagger, a ration
     0 | D:1      | Reached XP level 1. HP: 17/17 MP: 4/4
    66 | D:1      | Slain by a jackal

Vault maps used:
D:1:      dpeg_arrival_tiny_b

Action                   || total
-------------------------++-------
Melee: Dagger            ||    21
       Bite              ||     1
 Stab: Sleeping          ||     1
Armor: Robe              ||     6
Dodge: Dodged            ||    23

Table legend:
 A = Spawn XP
 B = Non-spawn XP
 C = Spawn XP percentage of total XP
 D = Spawn monster count
 E = Non-spawn monster count
 F = Spawn count percentage of total count
 G = Total turns spent on level
                    A         B        C        D         E        F      G
               +---------+---------+-------+---------+---------+-------+---------
         Total |       0 |       8 |   0.0 |       0 |       5 |   0.0 |    66
               +---------+---------+-------+---------+---------+-------+---------
           D:1 |       0 |       8 |   0.0 |       0 |       5 |   0.0 |    66
               +---------+---------+-------+---------+---------+-------+---------
